 Dungeon Crawl Stone Soup version 0.32-a0-931-g5a2cda0630 (webtiles) character file.

Game seed: 1700700327308337117

1740 GiantSquids the Cleaver (level 8, -2/63 HPs)
             Began as a Mountain Dwarf Fighter on Apr 10, 2024.
             Was a Priest of Okawaru.
             Slain by HilariousDeathArtist's ghost (9 damage)
             ... on level 5 of the Dungeon on Apr 13, 2024.
             The game lasted 00:10:10 (4973 turns).

GiantSquids the Cleaver (Mountain Dwarf Fighter)    Turns: 4973, Time: 00:10:11

Health: -2/63      AC: 10    Str: 20    XL:     8   Next: 77%
Magic:  6/8        EV: 10    Int: 10    God:    Okawaru [***...]
Gold:   336        SH:  5    Dex:  9    Spells: 7/7 levels left

rFire   . . .        A - +2 battleaxe
rCold   . . .        (shield currently unavailable)
rNeg    . . .        b - +0 scale mail
rPois   .            (no helmet)
rElec   .            (no cloak)
rCorr   .            d - +1 pair of gloves {Stlth+}
SInv    .            (no boots)
Will    +....        l - amulet of reflection
Stlth   ++           i - ring of willpower
HPRegen 0.30/turn    (no ring)
MPRegen 0.11/turn

%: reflection
@: lethally poisoned (-2 -> -18), heroic
A: runic magic, artefact enchanting
a: Renounce Religion, Heroism


You were on level 5 of the Dungeon.
You worshipped Okawaru.
Okawaru was most pleased with you.
You visited 1 branch of the dungeon, and saw 5 of its levels.

You collected 336 gold pieces.

Inventory:

Hand Weapons
 A - a +2 battleaxe (weapon)
Armour
 b - a +0 scale mail (worn)
 d - a +1 pair of gloves of stealth (worn)
Jewellery
 i - a ring of willpower (left hand)
 l - an amulet of reflection (around neck)
 m - a ring of fire
 r - an amulet of magic regeneration
 t - an amulet of guardian spirit
 v - a +6 ring of intelligence
Wands
 x - a wand of mindburst (18)
Scrolls
 c - a scroll of enchant weapon {unknown}
 e - a scroll of torment {unknown}
 f - a scroll of amnesia {unknown}
 g - 3 scrolls of teleportation {unknown}
 h - 2 scrolls of noise {unknown}
 j - 8 scrolls of identify {unknown}
 k - a scroll of enchant armour {unknown}
 o - a scroll of fog {unknown}
 w - a scroll of vulnerability {unknown}
 y - a scroll of silence {unknown}
Potions
 a - a potion of mutation {unknown}
 n - a potion of brilliance {unknown}
 p - a potion of haste {unknown}
 q - a potion of berserk rage {unknown}
 s - a potion of heal wounds {unknown}
 u - a potion of attraction {unknown}
 z - a potion of cancellation


   Skills:
 - Level 3.2(8.2) Fighting
 + Level 13.5(18.5) Axes
 - Level 3.2(8.2) Armour
 - Level 3.2(8.2) Shields


You had 7 spell levels left.
You didn't know any spells.
Your spell library contained the following spells:

 Spells                   Type           Power      Damage    Failure   Level
 Teleport Other           Tloc           0%         N/A       80%         3
 Dispersal                Tloc           0%         N/A       100%        6
 Gell's Gavotte           Tloc           0%         2d(11-16) 100%        6


Dungeon Overview and Level Annotations

Branches:
Dungeon (5/15)             Temple (0/1) D:4

Altars:
Okawaru
Yredelemnul

Annotations:
D:3 Grinder
D:5 HilariousDeathArtist's ghost, novice MDHu


Innate Abilities, Weirdness & Mutations

Your spellcasting is much less encumbered by armour.
You can use scrolls of enchantment on lesser artefacts.


Message History

HilariousDeathArtist's ghost is moderately damaged.
You feel sick.
You block HilariousDeathArtist's ghost's attack.
You closely miss HilariousDeathArtist's ghost.
HilariousDeathArtist's ghost is moderately damaged.
You feel sick.
HilariousDeathArtist's ghost hits you but does no damage.
You are more poisoned.
You closely miss HilariousDeathArtist's ghost.
HilariousDeathArtist's ghost is moderately damaged.
You feel very sick.
You block HilariousDeathArtist's ghost's attack.
You slash HilariousDeathArtist's ghost!
HilariousDeathArtist's ghost is heavily damaged.
You feel sick.
You block HilariousDeathArtist's ghost's attack.
You barely miss HilariousDeathArtist's ghost.
HilariousDeathArtist's ghost is heavily damaged.
You feel sick. HilariousDeathArtist's ghost hits you!
You are lethally poisoned!
You closely miss HilariousDeathArtist's ghost.
HilariousDeathArtist's ghost is heavily damaged.
* * * LOW HITPOINT WARNING * * *
You feel very sick.
HilariousDeathArtist's ghost misses you.
You gain the combat prowess of a mighty hero.
* * * LOW HITPOINT WARNING * * *
You feel very sick.
HilariousDeathArtist's ghost barely misses you.
It was a potion of cancellation.
You feel magically purged.
* * * LOW HITPOINT WARNING * * *
You feel very sick.
HilariousDeathArtist's ghost hits you but does no damage.
You are more poisoned.
You slash HilariousDeathArtist's ghost!
HilariousDeathArtist's ghost is severely damaged.
* * * LOW HITPOINT WARNING * * *
You feel very sick. HilariousDeathArtist's ghost hits you!
You die...

...#..................####...###
.#............#.##....########
.#.##.#.#.................#
#######.#.................#
.####.......#.............#
.#.##.......#.......#..####
....#.#.............####
...##..##.#.......###
....#.##########@.## .#.....#
~?~~~SW...# .##....# #######..##
'###...# ##..## §§§##..# ##.#
§≈§≈#.## ### §≈≈≈#.# ≈...'.#
.≈≈≈#.#


You could see HilariousDeathArtist's ghost and an adder.

Vanquished Creatures
  Sigmund (D:3)
  An ice beast (D:5)
  A sky beast (D:5)
  A black bear (D:5)
  A phantom (D:5)
  A bullfrog (D:5)
  2 scorpions
  10 wights
  3 bombardier beetles
  2 hounds
  2 jellies (D:5)
  Natasha (thrice) (D:4)
  Terence (D:2)
  2 iguanas
  3 adders (D:2)
  A gnoll (D:5)
  A white imp (D:4)
  3 dart slugs
  A ribbon worm (D:5)
  11 orcs
  4 bats
  6 endoplasms
  4 giant cockroaches
  3 goblins
  8 hobgoblins
  3 jackals (D:4)
  5 kobolds
  7 quokkas
  12 ball pythons
  2 frilled lizards
  6 rats
111 creatures vanquished.

Notes
Turn   | Place    | Note
-------+----------+-------------------------------------------
     0 | D:1      | GiantSquids the Mountain Dwarf Fighter began the quest for
                  | the Orb.
     0 | D:1      | Reached XP level 1. HP: 19/19 MP: 1/1
    74 | D:1      | Reached skill level 3 in Axes
   129 | D:1      | Reached XP level 2. HP: 24/26 MP: 2/2
   260 | D:1      | Reached skill level 4 in Axes
   372 | D:1      | Found a faded altar of an unknown god.
   382 | D:1      | Reached XP level 3. HP: 29/31 MP: 3/3
   390 | D:1      | Prayed at the altar of an unknown god.
   390 | D:1      | Became a worshipper of Warmaster Okawaru
   390 | D:1      | Reached * piety under Okawaru
   679 | D:2      | Reached skill level 5 in Axes
   759 | D:2      | Noticed Terence
   774 | D:2      | Killed Terence
   775 | D:2      | Reached XP level 4. HP: 16/38 MP: 4/4
  1058 | D:2      | Reached skill level 6 in Axes
  1485 | D:3      | Reached XP level 5. HP: 44/45 MP: 5/5
  1581 | D:3      | Noticed Sigmund
  1590 | D:3      | Killed Sigmund
  1590 | D:3      | Reached ** piety under Okawaru
  1591 | D:3      | Reached skill level 7 in Axes
  1591 | D:3      | Reached XP level 6. HP: 38/51 MP: 6/6
  1677 | D:3      | Noticed Grinder
  1713 | D:4      | Reached skill level 8 in Axes
  2417 | D:4      | Reached skill level 9 in Axes
  2578 | D:4      | Noticed Natasha
  2585 | D:4      | Killed Natasha
  2586 | D:4      | Reached XP level 7. HP: 44/57 MP: 7/7
  2680 | D:4      | Noticed Natasha
  2687 | D:4      | Killed Natasha
  2787 | D:4      | Noticed Natasha
  2790 | D:4      | Killed Natasha
  2972 | D:4      | Found a staircase to the Ecumenical Temple.
  3285 | D:5      | Entered Level 5 of the Dungeon
  3378 | D:5      | Reached skill level 10 in Axes
  3438 | D:5      | Reached skill level 11 in Axes
  3588 | D:5      | Reached XP level 8. HP: 57/63 MP: 8/8
  3769 | D:5      | Found a runed translucent door.
  3792 | D:5      | Noticed HilariousDeathArtist's ghost (novice MDHu)
  3934 | D:5      | Reached *** piety under Okawaru
  3935 | D:5      | Reached skill level 12 in Axes
  4463 | D:5      | Reached skill level 13 in Axes
  4749 | D:5      | Found a basalt altar of Yredelemnul.
  4957 | D:5      | Upgraded the game from 0.32-a0-918-g0f22ef8d61 to
                  | 0.32-a0-931-g5a2cda0630
  4973 | D:5      | Slain by HilariousDeathArtist's ghost

Illustrated notes

Levels and vault maps discovered:
D:1:      amcnicky_arrival_blooded_trapdoor, layout_basic,
          nicolae_ecumenical_snake_handling, minmay_crystal_room,
          minmay_misc_feat_cross
D:2:      layout_loops_cross, chequers_serial_rivers_small_3, kennysheep_path_1,
          uniq_terence
D:3:      cheibrodos_old_hovel, layout_rooms, chequers_jeans, uniq_sigmund,
          uniq_grinder
D:4:      layout_loops_ring, minmay_temple_entry_poolview, uniq_natasha
D:5:      layout_cave_pools, kennysheep_mini, ebering_ghost_sewer_d,
          kennysheep_flooded_box, minmay_puff

Skill      XL: |  1  2  3  4  5  6  7  8 |
---------------+-------------------------+-----
Axes           | 3 4 5 6 7 9 11 13 | 13.5
Fighting       | |  3.2
Armour         | |  3.2
Shields        | |  3.2

Action                     |  1- 3 |  4- 6 |  7- 9 || total
---------------------------+-------+-------+-------++-------
  Melee: War axe           |   100 |   150 |    92 ||   342
         Battleaxe         |       |       |    66 ||    66
 Invoke: Heroism           |       |     1 |     2 ||     3
    Use: Potion            |       |     1 |     1 ||     2
 Armour: Scale mail        |    88 |    65 |    83 ||   236
  Dodge: Dodged            |    48 |    48 |    46 ||   142
  Block: Buckler           |    36 |    59 |    35 ||   130
         Reflection        |       |     1 |       ||     1
         Other             |       |       |    10 ||    10

Table legend: (Time is in decaauts)
 A = Elapsed time spent in this place.
 B = Non-inter-level travel time spent in this place.
 C = Inter-level travel time spent in this place.
 D = Time resting spent in this place.
 E = Time spent auto-exploring this place.
 F = Levels seen in this place.
 G = Mean time per level.
                   A        B        C        D        E       F      G
               +--------+--------+--------+--------+--------+-----+--------+
         Total |   5031 |   4820 |    211 |    366 |   3492 |   5 | 1006.2 |
       Dungeon |   5031 |   4820 |    211 |    366 |   3492 |   5 | 1006.2 |
               +--------+--------+--------+--------+--------+-----+--------+

Top non-repeatable levels by time:
     D:5: 1540 daAuts
     D:4: 1519 daAuts
     D:2: 861 daAuts
     D:1: 557 daAuts
     D:3: 552 daAuts
